 Dungeon Crawl Stone Soup version 0.30-a0-49-g1cef19eb02 (webtiles) character file.

Game seed: 483432247761839653

306 ytrimaz the Chopper (level 6, -8/47 HPs)
             Began as a Formicid Fighter on Sept 2, 2022.
             Mangled by Crazy Yiuf
             ... wielding a +3 quarterstaff of chaos
              (10 damage)
             ... on level 3 of the Dungeon.
             The game lasted 00:06:37 (4060 turns).

ytrimaz the Chopper (Formicid Fighter)              Turns: 4060, Time: 00:06:37

Health: -8/47      AC: 12    Str: 23    XL:     6   Next: 67%
Magic:  6/6        EV: 11    Int:  7    God:
Gold:   205        SH:  6    Dex: 13    Spells: 5/5 levels left

rFire   . . .      SeeInvis +    a - +0 war axe (venom) {axe}
rCold   . . .      Faith    .    c - +1 buckler
rNeg    . . .      Spirit   .    i - +0 plate armour
rPois   .          Reflect  .    (helmet unavailable)
rElec   .          Harm     .    (no cloak)
rCorr   .          Rampage  .    p - +0 pair of gloves
Will    .....                    (no boots)
Stlth   ..........               (no amulet)
HPRegen 0.15/turn                (no ring)
MPRegen 0.10/turn                (no ring)

@: agile, lethally poisoned (-8 -> -11)
A: permanent stasis, dig shafts and tunnels, antennae 3, four strong arms
a: Dig, Shaft Self


You were on level 3 of the Dungeon.
You visited 1 branch of the dungeon, and saw 3 of its levels.
You also visited: Sewer.

You collected 205 gold pieces.


Innate Abilities, Weirdness & Mutations

You cannot be hasted, slowed, berserked, paralysed or teleported.
You can dig through walls and to a lower floor.
You have a pair of large antennae on your head. (SInv)
Your four strong arms can wield two-handed weapons with a shield.


   Skills:
 - Level 3.2 Fighting
 + Level 6.6 Axes
 - Level 3.2 Armour
 - Level 4.0 Shields


You had 5 spell levels left.
You didn't know any spells.
Your spell library contained the following spells:

 Spells                   Type           Power      Damage    Failure   Level
 Magic Dart               Conj           0%         1d3       100%        1
 Summon Small Mammal      Summ           0%         N/A       100%        1
 Searing Ray              Conj           0%         2d4       100%        2
 Call Canine Familiar     Summ           0%         N/A       100%        3
 Summon Guardian Golem    Hex/Summ       0%         N/A       100%        3
 Fulminant Prism          Conj/Hex       0%         3d6       100%        4

Inventory:

Hand Weapons
 a - a +0 war axe of venom (weapon) {axe}
Missiles
 e - 8 poisoned darts {throwing}
 f - 65 stones {throwing}
 k - 7 javelins {throwing}
 n - 2 throwing nets {=f!fthrowing}
 s - a curare-tipped dart {=fthrowing}
Armour
 c - a +1 buckler (worn)
 i - a +0 plate armour (worn)
   (You found it on level 1 of the Dungeon)
 p - a +0 pair of gloves (worn)
   (You found it on level 3 of the Dungeon)
Scrolls
 r - a scroll of fear {unknown}
Potions
 b - a potion of ambrosia {unknown}
 d - a potion of might
 g - a potion of lignification {!q}
 h - a potion of attraction {!q}
 j - a potion of curing {@q1}
 l - 2 potions of magic {unknown}
 m - 5 potions of heal wounds {@q2}
 o - a potion of invisibility {unknown}
 q - 2 potions of berserk rage {unknown}

Dungeon Overview and Level Annotations

Branches:
Dungeon (3/15) Zot: 14998   Sewer (visited)

Altars:

Annotations:
D:3 Crazy Yiuf

#### ...#
.#.### #####
#######
.#...# #)..#
#.....#
####.# #...#
#.....#####
.#...#######
...
####......#
.#.........#
#g# #.####.#
...#########
#@## #.# #.#
#..# ##.#
#.# ##.##
#..# #.##
####.###....
#..# ##.#
#........#..
#..# ##.##
#...........
##### ##...#
#[......##.#
....# #....#
#...........
###.# #....#
#.......##..
#.# ##..##
#...........


You could see Crazy Yiuf.


Message History

Setting a skill training target for Axes at 16.0.
Unknown command.
A hobgoblin is nearby!
A hobgoblin is nearby!
Unknown command.
The hobgoblin completely misses you.
You completely miss the hobgoblin. You block the hobgoblin's attack.
The hobgoblin barely misses you. The hobgoblin closely misses you.
Unknown command.
You slash the hobgoblin!
You kill the hobgoblin!
No target in view!
No target in view!
You see here a +1 barding.
Key pressed, stopping explore.
You now have 205 gold pieces (gained 17).
Key pressed, stopping explore.
Key pressed, stopping explore.
Key pressed, stopping explore.
r - a scroll labelled SIEHUSCH TUICOU A kobold comes into view.
It is wielding a +0 short sword and quivering poisoned darts.
A kobold is nearby!
A kobold is nearby!
The kobold hits you but does no damage.
You barely miss the kobold. The kobold barely misses you.
You barely miss the kobold. You block the kobold's attack.
You hit the kobold.
You kill the kobold!
Unknown command.
No target in view!
Unknown command.
e - 8 poisoned darts {throwing} (gained 4)
Things that are here:
a +0 short sword {short}; a kobold corpse Key pressed, stopping explore.
Unknown command.
You sense a monster nearby.
A kobold comes into view. It is wielding a +0 club.
The kobold shouts!
A kobold is nearby!
A kobold is nearby!
The kobold hits you but does no damage.
You barely miss the kobold. You block the kobold's attack.
You barely miss the kobold. You block the kobold's attack.
You slash the kobold!
You kill the kobold!
You see here a +0 club {mace}.
No target in view!
No target in view!
Key pressed, stopping explore.
Unknown command.
Found a stone staircase leading down.
No target in view!
Key pressed, stopping explore.
No target in view!
No target in view!
No target in view!
m - 5 potions of heal wounds {@q2} (gained 1) Key pressed, stopping explore.
Key pressed, stopping explore.
Crazy Yiuf shouts!
Could not explore, unopened runed door.
Could not explore, unopened runed door.
Could not explore, unopened runed door.
Press: ? - help, v - describe, . - travel
Here: Crazy Yiuf, wielding a +3 quarterstaff of chaos and wearing a +0 cloak (fire blocked by a runed translucent door)
The floor.
You open the door. You closely miss Crazy Yiuf.
Crazy Yiuf hits you with a +3 quarterstaff of chaos.
Crazy Yiuf barely misses you. 😕 HP[-1]
You take 1 damage, and now have 46/47 hp.
You barely miss Crazy Yiuf. Crazy Yiuf hits you but does no damage.
You are poisoned.
You closely miss Crazy Yiuf.
You feel very sick. You block Crazy Yiuf's attack. 😕 HP[-4]
You take 4 damage, and now have 42/47 hp.
Unknown command.
You closely miss Crazy Yiuf.
You feel sick.
Crazy Yiuf hits you with a +3 quarterstaff of chaos!
Space warps around you. 😮 HP[-13]
You take 13 damage, and now have 29/47 hp.
MASSIVE DAMAGE!! (PAUSE)
You barely miss Crazy Yiuf.
You feel sick. Crazy Yiuf hits you but does no damage.
You are electrocuted!!
* * * LOW HITPOINT WARNING * * *
Crazy Yiuf hits you with a +3 quarterstaff of chaos.
* * * LOW HITPOINT WARNING * * *
You feel agile all of a sudden.
You closely miss Crazy Yiuf.
* * * LOW HITPOINT WARNING * * *
You feel sick.
Crazy Yiuf hits you with a +3 quarterstaff of chaos!
You die...

Skill      XL: |  1  2  3  4  5 |
---------------+----------------+-----
Axes           | 3 4 6 |  6.6
Fighting       | |  3.2
Armour         | |  3.2
Shields        | |  4.0

Action                   |  1- 3 |  4- 6 || total
-------------------------+-------+-------++-------
Melee: War axe           |   113 |   207 ||   320
  Use: Scroll            |     5 |     6 ||    11
Armor: Scale mail        |     2 |       ||     2
       Plate armour      |   101 |   132 ||   233
Dodge: Dodged            |    36 |    71 ||   107
Block: Buckler           |    38 |    52 ||    90

Levels and vault maps discovered:
D:1:      lightli_arrival_maybe_door_vault, layout_rooms, grunt_decor_fettered
D:2:      minmay_kobold_bridge, layout_basic
D:3:      layout_loops_ring, cheibrodos_sewer_entry_sluice,
          uniq_crazy_yiuf_cottage

Notes
Turn   | Place    | Note
-------+----------+-------------------------------------------
     0 | D:1      | ytrimaz the Formicid Fighter began the quest for the Orb.
     0 | D:1      | Reached XP level 1. HP: 18/18 MP: 1/1
     0 | D:1      | magus.rc [v1.9.6]
    57 | D:1      | Reached XP level 2. HP: 24/24 MP: 2/2
   111 | D:1      | You pick up a book of Callings and begin reading...
   111 | D:1      | You add the spells Summon Small Mammal, Call Canine
                  | Familiar and Summon Guardian Golem to your library.
   132 | D:1      | You pick up a book of Conjurations {@e2} and begin
                  | reading...
   132 | D:1      | You add the spells Magic Dart, Searing Ray and Fulminant
                  | Prism to your library.
   148 | D:1      | Reached skill level 3 in Axes
   212 | D:1      | Reached XP level 3. HP: 19/29 MP: 3/3
  1015 | D:2      | Reached skill level 4 in Axes
  1015 | D:2      | Reached XP level 4. HP: 33/35 MP: 4/4
  2381 | D:3      | Found a glowing drain.
  2392 | Sewer    | Entered a sewer
  2483 | Sewer    | Reached XP level 5. HP: 41/41 MP: 5/5
  2497 | Sewer    | Reached skill level 5 in Axes
  2903 | Sewer    | Noticed a kobold brigand
  2927 | Sewer    | HP: 9/41 [kobold brigand/+0 dagger (5)]
  2932 | Sewer    | Killed a kobold brigand
  2933 | Sewer    | Reached skill level 6 in Axes
  2933 | Sewer    | Reached XP level 6. HP: 11/47 MP: 6/6
  3739 | D:3      | Found a runed translucent door.
  3740 | D:3      | Noticed Crazy Yiuf
  4059 | D:3      | HP: 8/47 [Crazy Yiuf/+3 quarterstaff of chaos (20)]
  4059 | D:3      | HP: 3/47 [Crazy Yiuf/+3 quarterstaff of chaos (5)]
  4060 | D:3      | Mangled by Crazy Yiuf

Vanquished Creatures
  A kobold brigand (Sewer)
  11 adders
  3 river rats (Sewer)
  5 worms
  3 dart slugs
  3 orcs (D:3)
  10 bats
  11 endoplasms
  3 giant cockroaches
  2 goblins (D:1)
  4 hobgoblins
  7 jackals
  13 kobolds
  5 ball pythons
  2 frilled lizards
  11 rats
94 creatures vanquished.

Table legend:
 A = Non-vault XP
 B = Vault XP
 C = Vault XP percentage of total XP
 D = Non-vault monster count
 E = Vault monster count
 F = Vault count percentage of total count
                 A         B        C        D         E       F
            +---------+---------+-------+---------+---------+-------
      Total |     154 |     284 |  64.8 |      58 |      36 |  38.3
            +---------+---------+-------+---------+---------+-------
        D:1 |      44 |       0 |   0.0 |      24 |       0 |   0.0
        D:2 |      51 |       6 |  10.5 |      15 |       5 |  25.0
        D:3 |      59 |       9 |  13.2 |      19 |       3 |  13.6
      Sewer |       0 |     269 | 100.0 |       0 |      28 | 100.0
            +---------+---------+-------+---------+---------+-------

Illustrated notes

Table legend:
 A = Kills in this place as a percentage of kills in entire the game.
 B = Kills by you in this place as a percentage of kills by you in the entire game.
 C = Kills by friends in this place as a percentage of kills by friends in the entire game.
 D = Other kills in this place as a percentage of other kills in the entire game.
 E = Experience gained in this place as a percentage of experience gained in the entire game.
 F = Experience gained in this place divided by the number of levels of this place that you have seen.
                   A       B       C       D       E      F
               +-------+-------+-------+-------+-------+----------------------
         Total | 100.0 | 100.0 |   N/A |   N/A | 100.0 | 109.5
       Dungeon |  70.2 |  70.2 |   N/A |   N/A |  38.6 |  56.3
         Sewer |  29.8 |  29.8 |   N/A |   N/A |  61.4 | 269.0
               +-------+-------+-------+-------+-------+----------------------

Table legend: (Time is in decaauts)
 A = Elapsed time spent in this place.
 B = Non-inter-level travel time spent in this place.
 C = Inter-level travel time spent in this place.
 D = Time resting spent in this place.
 E = Time spent auto-exploring this place.
 F = Levels seen in this place.
 G = Mean time per level.
                   A        B        C        D        E       F      G
               +--------+--------+--------+--------+--------+-----+--------+
         Total |   4320 |   4271 |     49 |    100 |   3278 |   4 | 1080.0 |
       Dungeon |   3000 |   2951 |     49 |    100 |   2235 |   3 | 1000.0 |
         Sewer |   1319 |   1319 |      0 |      0 |   1043 |   1 | 1319.0 |
               +--------+--------+--------+--------+--------+-----+--------+

Top non-repeatable levels by time:
   Sewer: 1319 daAuts
     D:2: 1255 daAuts
     D:3: 964 daAuts
     D:1: 780 daAuts
